 Dungeon Crawl Stone Soup version 0.30-b1-2-g02819fbbbe (webtiles) character file.

Game seed: 18085039623616456213

45 MisterFreud the Poker (level 3, 0/26 HPs)
             Began as a Gnoll Wanderer on Sept 4, 2023.
             Slain by Terence
             ... wielding a +0 flail
              (12 damage)
             ... on level 2 of the Dungeon.
             The game lasted 00:01:25 (889 turns).

MisterFreud the Poker (Gnoll Wanderer)               Turns: 889, Time: 00:01:26

Health: 0/26       AC:  3    Str:  9    XL:     3   Next: 64%
Magic:  7/7        EV: 12    Int: 13    God:
Gold:   26         SH:  4    Dex: 13    Spells: 6/7 levels left

rFire   . . .        a - +3 spear
rCold   . . .        f - +0 buckler
rNeg    . . .        d - +0 robe
rPois   .            (no helmet)
rElec   .            b - +0 cloak
rCorr   .            (no gloves)
SInv    .            (no boots)
Will    .....        (no amulet)
Stlth   ++           (no ring)
HPRegen 0.24/turn    (no ring)
MPRegen 0.10/turn

%: no passive effects
@: no status effects
A: fangs 1, strong nose, distributed training
a: no special abilities


You were on level 2 of the Dungeon.
You visited 1 branch of the dungeon, and saw 2 of its levels.

You collected 26 gold pieces.

Inventory:

Hand Weapons
 a - a +3 spear (weapon)
Armour
 b - a +0 cloak (worn)
 d - a +0 robe (worn)
 f - a +0 buckler (worn)
Jewellery
 k - a +6 ring of intelligence
Scrolls
 c - a scroll of blinking
Potions
 e - a potion of resistance {unknown}
 g - a potion of curing {unknown}
 i - a potion of ambrosia {unknown}


   Skills:
 + Level 1.0 Fighting
 + Level 1.0 Short Blades
 + Level 1.0 Long Blades
 + Level 1.0 Axes
 + Level 1.0 Maces & Flails
 + Level 6.5 Polearms
 + Level 1.0 Staves
 + Level 1.0 Ranged Weapons
 + Level 2.6 Throwing
 + Level 4.6 Armour
 + Level 2.6 Dodging
 + Level 2.4 Stealth
 + Level 1.0 Shields
 + Level 1.0 Unarmed Combat
 + Level 2.9 Spellcasting
 + Level 0.7 Conjurations
 + Level 0.7 Hexes
 + Level 0.7 Summonings
 + Level 0.7 Necromancy
 + Level 0.7 Translocations
 + Level 0.7 Transmutations
 + Level 2.1 Fire Magic
 + Level 0.7 Ice Magic
 + Level 0.7 Air Magic
 + Level 0.7 Earth Magic
 + Level 0.7 Poison Magic
 + Level 1.0 Invocations
 + Level 1.0 Evocations


You had 6 spell levels left.
You knew the following spells:

 Your Spells              Type           Power      Damage    Failure   Level
a - Foxfire               Conj/Fire      20%        2x1d5     19%         1

Your spell library contained the following spells:

 Spells                   Type           Power      Damage    Failure   Level
 Inner Flame              Hex/Fire       5%         N/A       50%         3
 Gell's Gravitas          Tloc           3%         N/A       61%         3
 Teleport Other           Tloc           3%         N/A       61%         3
 Dispersal                Tloc           1%         N/A       100%        6


Dungeon Overview and Level Annotations

Branches:
Dungeon (2/15)

Altars:

Annotations:
D:2 Terence


Innate Abilities, Weirdness & Mutations

You have very sharp teeth.
Your uncanny sense of smell can sniff out nearby items.
Your experience applies equally to all skills.


Message History

You hit the adder.
The adder is heavily wounded.
The adder barely misses you. The adder attacks as you move away!
The adder bites you.
There is a stone staircase leading up here.
You block the adder's attack.
You climb upwards.
There is a stone staircase leading down here.
You puncture the adder!
You kill the adder!
Your Fighting skill increases to level 1!
Your Short Blades skill increases to level 1!
Your Long Blades skill increases to level 1!
Your Axes skill increases to level 1!
Your Maces & Flails skill increases to level 1!
Your Staves skill increases to level 1!
Your Ranged Weapons skill increases to level 1!
Your Shields skill increases to level 1!
Your Unarmed Combat skill increases to level 1!
Your Evocations skill increases to level 1!
Unknown command.
Unknown command.
Unknown command.
You start resting.
HP restored.
You climb downwards.
Level annotation: Terence Terence hits you with a +0 flail.
There is a stone staircase leading up here.
You hit Terence but do no damage. Terence hits you with a +0 flail.
You barely miss Terence. Terence barely misses you.
You barely miss Terence. Terence misses you.
You hit Terence. You bite Terence, but do no damage.
Terence is lightly wounded.
You hit Terence.
Terence is moderately wounded.
Terence hits you with a +0 flail!
You are too injured to fight recklessly!
Terence hits you with a +0 flail!
You die...

..#.....#
[#.....#
......# .
#.....# ∆
#.##...$.#
..>......#
<......†.#
.......@.#
.......@<#
.#########
∆ #.# #.
.# .. .
..##.


You could see Terence.

Vanquished Creatures
  An adder (D:1)
  A gnoll (D:1)
  A dart slug (D:1)
  2 ball pythons
  A bat (D:1)
  2 endoplasms (D:1)
  2 giant cockroaches (D:1)
  4 goblins (D:1)
  3 hobgoblins (D:1)
  A kobold (D:1)
  3 frilled lizards (D:1)
  2 rats (D:1)
23 creatures vanquished.

Notes
Turn   | Place    | Note
-------+----------+-------------------------------------------
     0 | D:1      | MisterFreud the Gnoll Wanderer began the quest for the Orb.
     0 | D:1      | MisterFreud set off with the following items: a +2 spear, a
                  | +0 cloak, a scroll of blinking, a +0 robe; and the
                  | following spell memorised: Foxfire; and the following
                  | spells available to memorise: Inner Flame.
     0 | D:1      | Reached XP level 1. HP: 13/13 MP: 4/4
   152 | D:1      | Reached XP level 2. HP: 19/19 MP: 5/5
   459 | D:1      | Reached XP level 3. HP: 25/25 MP: 7/7
   709 | D:1      | Reached skill level 1 in Invocations
   855 | D:2      | Noticed Terence
   863 | D:1      | Reached skill level 1 in Fighting
   863 | D:1      | Reached skill level 1 in Short Blades
   863 | D:1      | Reached skill level 1 in Long Blades
   863 | D:1      | Reached skill level 1 in Axes
   863 | D:1      | Reached skill level 1 in Maces & Flails
   863 | D:1      | Reached skill level 1 in Staves
   863 | D:1      | Reached skill level 1 in Ranged Weapons
   863 | D:1      | Reached skill level 1 in Shields
   863 | D:1      | Reached skill level 1 in Unarmed Combat
   863 | D:1      | Reached skill level 1 in Evocations
   889 | D:2      | Slain by Terence

Illustrated notes

Levels and vault maps discovered:
D:1:      amcnicky_arrival_wind_blow, layout_basic, feat_on_display
D:2:      layout_rooms, basic_altar, nicolae_concentric_dashed_squares_mild,
          minmay_surrounded, uniq_terence

Skill      XL: |  1  2  3 |
---------------+----------+-----
Fire Magic     | 2 |  2.1
Invocations    | 1 |  1.0
Fighting       | 1 |  1.0
Short Blades   | 1 |  1.0
Long Blades    | 1 |  1.0
Axes           | 1 |  1.0
Maces & Flails | 1 |  1.0
Staves         | 1 |  1.0
Ranged Weapons | 1 |  1.0
Shields        | 1 |  1.0
Unarmed Combat | 1 |  1.0
Evocations     | 1 |  1.0
Polearms       | |  6.5
Throwing       | |  2.6
Armour         | |  4.6
Dodging        | |  2.6
Stealth        | |  2.4
Spellcasting   | |  2.9
Conjurations   | |  0.7
Hexes          | |  0.7
Summonings     | |  0.7
Necromancy     | |  0.7
Translocations | |  0.7
Transmutations | |  0.7
Ice Magic      | |  0.7
Air Magic      | |  0.7
Earth Magic    | |  0.7
Poison Magic   | |  0.7

Action                     || total
---------------------------++-------
  Melee: Spear             ||    85
         Bite              ||     5
    Use: Scroll            ||     2
   Stab: Sleeping          ||     3
 Armour: Robe              ||     8
  Dodge: Dodged            ||    25
  Block: Buckler           ||     6
